 Dungeon Crawl Stone Soup version 0.17.2 (webtiles) character file.

1290 Charly the Chopper (level 8, -6/51 HPs)
             Began as a Gargoyle Berserker on July 19, 2016.
             Was a Believer of Trog.
             Mangled by a yak (11 damage)
             ... on level 9 of the Dungeon.
             The game lasted 00:14:16 (1001 turns).

Charly the Chopper (Gargoyle Berserker)             Turns: 1001, Time: 00:14:17

Health: -6/51      AC:  5    Str: 21    XL:     8   Next: 55%
Magic:  8/8        EV: 10    Int:  8    God:    Trog [**....]
Gold:   51         SH:  0    Dex: 11    Spells: 0 memorised, 7 levels left

rFire  . . .     SeeInvis .     a - +0 hand axe
rCold  . . .     Clarity  .     f - +0 plate armour
rNeg   + . .     SustAt   .     (no shield)
rPois  ∞         Gourm    .     (no helmet)
rElec  +         Spirit   .     (no cloak)
rCorr  .         Warding  .     (no gloves)
rMut   .         Stasis   .     (no boots)
MR     .....                    (no amulet)
Stlth  ..........               (no ring)
                                b - +3 ring of evasion

@: exhausted, corroded equipment, starving, slowed, very slow, not resistant to
hostile enchantments, extremely unstealthy
A: negative energy resistance 1, electricity resistance, unbreathing,
petrification resistance, rot immunity, AC +5
a: Berserk, Trog's Hand, Burn Spellbooks, Renounce Religion


You were on level 9 of the Dungeon.
You worshipped Trog.
Trog was pleased with you.
You were starving.

You visited 1 branch of the dungeon, and saw 9 of its levels.

You collected 116 gold pieces.
You spent 65 gold pieces at shops.

Inventory:

Hand Weapons
 a - a +0 hand axe (weapon)
 h - a +0 morningstar
Missiles
 e - 18 poisoned needles
 i - a throwing net (quivered)
Armour
 f - a +0 plate armour (worn)
 j - a +2 leather armour of cold resistance
 p - a -2 leather armour
Jewellery
 b - a +3 ring of evasion (left hand)
Scrolls
 g - a scroll of remove curse
 k - a scroll of fog {unknown}
 l - a scroll of fear {unknown}
 n - a scroll of identify {unknown}
 r - a scroll of immolation {unknown}
 s - a scroll of magic mapping {unknown}
Potions
 d - a potion of curing {unknown}
 m - a potion of magic {unknown}
 o - a potion of agility {unknown}
Comestibles
 c - a bread ration


   Skills:
 + Level 5.9 Fighting
 + Level 7.6 Axes
 + Level 5.5 Armour
 - Level 1.5 Dodging


You had 7 spell levels left.
You didn't know any spells.

Dungeon Overview and Level Annotations

Branches:
Dungeon (9/15)
 Temple: D:4-7         Lair: D:8-11         Orc: D:9-12

Altars:
Fedhas

Shops:
D:7 !


Innate Abilities, Weirdness & Mutations

You are resistant to torment.
Your stone body is resilient (AC +5).
You are immune to poison.
You resist negative energy.
You are resistant to electric shocks.
You can survive without breathing.
You are immune to petrification.
You are immune to rotting.


Message History

The jelly is almost dead.
Your plate armour prevents you from hitting the yak.
The yak is severely wounded.
The jelly hits you but does no damage. The yak gores you.
* * * LOW HITPOINT WARNING * * *
The jelly completely misses you.
You hit the jelly but do no damage. The acid corrodes you!
Your hands burn!
* * * LOW HITPOINT WARNING * * *
The jelly is almost dead.
You hit the yak.
The yak is almost dead.
The yak barely misses you. The jelly hits you but does no damage.
The yak gores you but does no damage.
You hit the jelly. The acid corrodes you!
Your hands burn!
* * * LOW HITPOINT WARNING * * *
The jelly is almost dead.
You hit the yak.
The yak is almost dead.
The jelly hits you but does no damage. The yak gores you!
You die...

..............##
............#..#
............≈≈..
...........≈≈≈≈.
..........≈≈≈≈≈≈
...........≈≈≈≈≈
......YJ)..≈≈≈≈≈
.......@<....≈≈§
............≈≈≈§
........%...≈≈§§
..........≈≈≈§≈§
............≈≈≈≈
#########.....≈≈
......§ .......


You could see a yak and a jelly.

Vanquished Creatures
  4 yaks (D:9)
  A sky beast (D:8)
  A wasp (D:8)
  An ogre (D:9)
  A giant frog (D:8)
  A crimson imp (D:8)
  A quasit (D:7)
  2 orc priests (D:8)
  A jelly (D:4)
  A giant frog skeleton (D:4)
  2 orc wizards (D:8)
  A worker ant (D:7)
  A hound skeleton (D:4)
  An adder (D:7)
  A worker ant zombie (D:8)
  3 gnolls (D:2)
  An ooze (D:1)
  An adder skeleton (D:5)
  10 orcs
  A ball python (D:1)
  3 giant cockroaches
  5 bats
  A giant gecko (D:6)
  A rat (D:1)
46 creatures vanquished.

Notes
Turn   | Place    | Note
--------------------------------------------------------------
     0 | D:1      | Charly the Gargoyle Berserker began the quest for the Orb.
     0 | D:1      | Reached XP level 1. HP: 14/14 MP: 1/1
   112 | D:1      | magipi: what an awful d:1
   112 | D:1      | Charly: what a terrible starting point
   112 | D:1      | magipi: like a labirinth
   114 | D:1      | Charly: yea
   114 | D:1      | Charly: ooooogly ;p
   140 | D:1      | Reached XP level 2. HP: 16/19 MP: 2/2
   173 | D:2      | Reached XP level 3. HP: 23/23 MP: 3/3
   175 | D:2      | Reached skill level 4 in Axes
   284 | D:3      | You fall through a shaft!
   297 | D:4      | Reached XP level 4. HP: 28/28 MP: 4/4
   397 | D:4      | Reached skill level 5 in Axes
   421 | D:4      | Reached XP level 5. HP: 14/32 MP: 5/5
   423 | D:4      | magipi: upgrade the armour?
   433 | D:4      | Charly: naah
   433 | D:4      | Charly: it doesnt make such dfference
   449 | D:5      | Entered Level 5 of the Dungeon
   576 | D:7      | Found Zases's Distillery.
   584 | D:7      | Bought a potion of heal wounds for 65 gold pieces
   612 | D:8      | Noticed a sky beast
   625 | D:8      | Killed a sky beast
   625 | D:8      | Reached ** piety under Trog
   625 | D:8      | Reached skill level 6 in Axes
   625 | D:8      | Reached XP level 6. HP: 37/37 MP: 6/6
   743 | D:9      | Noticed a yak
   782 | D:8      | Reached XP level 7. HP: 30/42 MP: 7/7
   814 | D:8      | magipi: not bad
   821 | D:8      | Charly: good for IC
   829 | D:8      | Noticed a wasp
   845 | D:8      | Killed a wasp
   878 | D:8      | Found a blossoming altar of Fedhas.
   947 | D:8      | Noticed a hungry ghost
   974 | D:9      | Noticed a yak
   974 | D:9      | Noticed a yak
   974 | D:9      | Noticed a yak
   974 | D:9      | Noticed a yak
   977 | D:9      | magipi: wtf
   977 | D:9      | Charly: FOOOOOOKKKKKEEEE
   977 | D:9      | Charly: did you see him to the left?
   977 | D:9      | magipi: wrong key?
   977 | D:9      | Charly: or am I retarded?
   977 | D:9      | magipi: neither :D
   977 | D:9      | Charly: shiet
   977 | D:9      | Charly: oke
   977 | D:9      | Charly: lets see how luck I am today
   986 | D:9      | Killed a yak
   986 | D:9      | Reached skill level 7 in Axes
   989 | D:9      | Killed a yak
   989 | D:9      | Reached skill level 5 in Fighting
   989 | D:9      | Reached XP level 8. HP: 18/49 MP: 8/8
   989 | D:9      | Killed a yak
   989 | D:9      | Reached skill level 5 in Armour
   995 | D:9      | Killed a yak
   998 | D:9      | Charly: almost
  1001 | D:9      | Mangled by a yak

Action                   |  1- 3 |  4- 6 |  7- 9 || total
-------------------------+-------+-------+-------++-------
Melee: Hand axe          |    46 |   100 |    58 ||   204
Throw: Throwing net      |       |     2 |     1 ||     3
Invok: Berserk           |     2 |     4 |     1 ||     7
  Use: Scroll            |       |     3 |       ||     3
       Potion            |       |       |     1 ||     1
  Eat: Beef jerky        |       |     1 |       ||     1
       Chunk             |       |     3 |     1 ||     4
